[Event "Reykjavik Open 2025"]
[Site "Reykjavik"]
[Date "2025.04.11"]
[Round "4.14"]
[White "Haug, Havard"]
[Black "Draskovic, Luka"]
[Result "1/2-1/2"]
[Annotator "ChessBase"]
[ECO "B38"]
[WhiteElo "2339"]
[BlackElo "2488"]
[PlyCount "62"]
[EventDate "2025.04.09"]
[EventType "swiss"]
[EventCountry "ISL"]
[SourceTitle "playchess.com"]
[Source "ChessBase"]
[SourceQuality "1"]
[TimeControl "40/5400+30:1800+30"]

1. e4 c5 2. Nf3 Nc6 3. d4 cxd4 4. Nxd4 g6 5. c4 Bg7 6. Be3 Qb6 7. Nb3 Qd8 8. Nd4 Nf6 9. Nc3 O-O 10. Be2 d6 11. O-O Bd7 12. Qd2 Nxd4 13. Bxd4 Bc6 14. f3 Nd7 15. Be3 a5 16. Rfd1 Nc5 17. Rab1 Qb6 18. b3 Qb4 19. Nd5 Bxd5 20. cxd5 Rfc8 21. a4 Qa3 22. Bd4 Bxd4+ 23. Qxd4 Na6 24. Bc4 Qc5 25. Bxa6 Rxa6 26. Qxc5 Rxc5 27. Rbc1 Rxc1 28. Rxc1 Rb6 29. Rc3 f5 30. exf5 gxf5 31. Kf2 Kf7 1/2-1/2

[Event "Reykjavik Open 2025"]
[Site "Reykjavik"]
[Date "2025.04.11"]
[Round "4.15"]
[White "Dushyant Sharma"]
[Black "Royal, Shreyas"]
[Result "0-1"]
[Annotator "ChessBase"]
[ECO "B33"]
[WhiteElo "2313"]
[BlackElo "2465"]
[PlyCount "94"]
[EventDate "2025.04.09"]
[EventType "swiss"]
[EventCountry "ISL"]
[SourceTitle "playchess.com"]
[Source "ChessBase"]
[SourceQuality "1"]
[TimeControl "40/5400+30:1800+30"]

1. e4 c5 2. Nf3 Nc6 3. d4 cxd4 4. Nxd4 Nf6 5. Nc3 e5 6. Ndb5 d6 7. Bg5 a6 8. Na3 b5 9. Bxf6 gxf6 10. Nd5 f5 11. c3 Bg7 12. exf5 Bxf5 13. Nc2 Be6 14. a4 Bxd5 15. Qxd5 Ne7 16. Qf3 O-O 17. axb5 axb5 18. Ra3 Ra7 19. Rxa7 Qb8 20. Ra8 Qxa8 21. Qxa8 Rxa8 22. Kd1 Nd5 23. Kc1 Rb8 24. Nb4 Bh6+ 25. Kb1 Nxb4 26. cxb4 Bd2 27. Bd3 Bxb4 28. Be4 Bc5 29. f3 Kg7 30. Kc2 h5 31. Ra1 Kf6 32. Bd5 h4 33. g4 Kg6 34. Kd3 f5 35. h3 Kg5 36. Be6 fxg4 37. Bxg4 Kf4 38. Ra6 b4 39. b3 Re8 40. Kc4 Ke3 41. Ra1 Rf8 42. Rd1 Rf4+ 43. Kd5 Ke2 44. Rc1 Rd4+ 45. Kc6 Kd2 46. Rf1 Rf4 47. Ra1 Kc2 0-1

[Event "Reykjavik Open 2025"]
[Site "Reykjavik"]
[Date "2025.04.11"]
[Round "4.16"]
[White "Hjartarson, Johann"]
[Black "Borne, Felix"]
[Result "1/2-1/2"]
[Annotator "ChessBase"]
[ECO "E53"]
[WhiteElo "2461"]
[BlackElo "2225"]
[PlyCount "102"]
[EventDate "2025.04.09"]
[EventType "swiss"]
[EventCountry "ISL"]
[SourceTitle "playchess.com"]
[Source "ChessBase"]
[SourceQuality "1"]
[TimeControl "40/5400+30:1800+30"]

1. d4 Nf6 2. c4 e6 3. Nc3 Bb4 4. e3 O-O 5. Bd3 d5 6. a3 Bxc3+ 7. bxc3 dxc4 8. Bxc4 c5 9. Nf3 Qc7 10. Be2 b6 11. O-O Bb7 12. c4 Rd8 13. Bb2 cxd4 14. exd4 Nbd7 15. Rc1 Nf8 16. Re1 Ng6 17. Qb3 Rac8 18. Bf1 Qf4 19. Qe3 Bxf3 20. Qxf4 Nxf4 21. gxf3 Ng6 22. a4 Nh4 23. Re3 Nf5 24. Rd3 Nh5 25. h3 Nf4 26. Rdd1 h5 27. Ra1 Rd7 28. Bc1 Ng6 29. d5 exd5 30. cxd5 Rc5 31. d6 Rxd6 32. Rxd6 Nxd6 33. Be3 Rd5 34. Rc1 Nh4 35. Be2 Nhf5 36. Rc7 Re5 37. Rxa7 Nxe3 38. fxe3 Rxe3 39. Kf2 Re6 40. h4 g6 41. Bd3 Kg7 42. Ra6 Nc8 43. Be4 Ne7 44. Ra7 Nf5 45. Bxf5 gxf5 46. a5 bxa5 47. Rxa5 Kf6 48. Kg3 Rb6 49. Rc5 Re6 50. Kf4 Kg6 51. Rxf5 f6 1/2-1/2

[Event "Reykjavik Open 2025"]
[Site "Reykjavik"]
[Date "2025.04.11"]
[Round "4.17"]
[White "Alfaro Guillen, Jose Raul"]
[Black "Schouten, Mathias Lind"]
[Result "0-1"]
[Annotator "ChessBase"]
[ECO "D79"]
[WhiteElo "1956"]
[BlackElo "2279"]
[PlyCount "102"]
[EventDate "2025.04.09"]
[EventType "swiss"]
[EventCountry "ISL"]
[SourceTitle "playchess.com"]
[Source "ChessBase"]
[SourceQuality "1"]
[TimeControl "40/5400+30:1800+30"]

1. c4 Nf6 2. Nc3 g6 3. g3 Bg7 4. Bg2 O-O 5. Nf3 c6 6. O-O d5 7. cxd5 cxd5 8. d4 Nc6 9. a3 Ne4 10. Nxe4 dxe4 11. Ng5 Qxd4 12. Bxe4 h6 13. Bxc6 Qxd1 14. Rxd1 bxc6 15. Ne4 Bf5 16. Nc3 Rab8 17. e4 Be6 18. e5 Bxe5 19. Bxh6 Rfc8 20. Rd2 Rxb2 21. Rxb2 Bxc3 22. Rab1 Bxb2 23. Rxb2 Rd8 24. Rd2 Rb8 25. Rc2 Bd5 26. Be3 Rb3 27. Bc1 e5 28. Kf1 Kg7 29. Ke2 Kf6 30. h4 a6 31. Kd2 Ke6 32. Rc3 Rb5 33. Ke3 f5 34. f3 Rb1 35. g4 f4+ 36. Ke2 Kd6 37. Bd2 c5 38. h5 gxh5 39. gxh5 Rh1 40. Be1 Rxh5 41. Bf2 c4 42. Kf1 Rh1+ 43. Kg2 Rb1 44. Bh4 Rb2+ 45. Kh3 Rb3 46. Be1 Rxc3 47. Bxc3 Bxf3 48. Kh4 Kd5 49. Kg5 Ke4 50. Kf6 Bd1 51. Bxe5 f3 0-1

[Event "Reykjavik Open 2025"]
[Site "Reykjavik"]
[Date "2025.04.11"]
[Round "4.18"]
[White "Nguyen, Paul"]
[Black "Nayak Rajesh"]
[Result "1-0"]
[Annotator "ChessBase"]
[ECO "E73"]
[WhiteElo "1936"]
[BlackElo "2277"]
[PlyCount "95"]
[EventDate "2025.04.09"]
[EventType "swiss"]
[EventCountry "ISL"]
[SourceTitle "playchess.com"]
[Source "ChessBase"]
[SourceQuality "1"]
[TimeControl "40/5400+30:1800+30"]

1. d4 Nf6 2. c4 g6 3. Nc3 Bg7 4. e4 d6 5. Be2 Na6 6. Be3 c5 7. d5 e6 8. Nf3 exd5 9. cxd5 O-O 10. Nd2 Nc7 11. a4 Nfe8 12. Nc4 f5 13. exf5 Bxf5 14. O-O Na6 15. Rc1 Nb4 16. Nb5 b6 17. Bf4 Be4 18. Bg3 Bxd5 19. Ncxd6 Nxd6 20. Nxd6 Qf6 21. Bc4 Bxc4 22. Nxc4 Rad8 23. Qg4 h5 24. Qe4 Rfe8 25. Qb1 h4 26. Bc7 Rd7 27. Be5 Rxe5 28. Nxe5 Qxe5 29. Qxg6 Rd6 30. Qg4 Qd4 31. Qh5 Rd5 32. Qe8+ Kh7 33. Rce1 Re5 34. Qf7 Qxb2 35. Re3 Qd4 36. Rh3 Qg4 37. f3 Qd4+ 38. Kh1 Nd5 39. f4 Qf2 40. Rf3 Qd4 41. fxe5 Ne3 42. Qh5+ Kg8 43. Rf8+ Bxf8 44. Qf7+ Kh8 45. Qxf8+ Kh7 46. Rf7+ Kg6 47. Rg7+ Kh5 48. Qh8# 1-0

[Event "Reykjavik Open 2025"]
[Site "Reykjavik"]
[Date "2025.04.11"]
[Round "4.19"]
[White "Valtysson, Thor"]
[Black "Nissinen, Niilo Man"]
[Result "0-1"]
[Annotator "ChessBase"]
[ECO "D02"]
[WhiteElo "1929"]
[BlackElo "2268"]
[PlyCount "66"]
[EventDate "2025.04.09"]
[EventType "swiss"]
[EventCountry "ISL"]
[SourceTitle "playchess.com"]
[Source "ChessBase"]
[SourceQuality "1"]
[TimeControl "40/5400+30:1800+30"]

1. d4 Nf6 2. Nf3 d5 3. Bf4 e6 4. e3 c5 5. c3 Nc6 6. Nbd2 Nh5 7. Bg5 f6 8. Bh4 g6 9. Bd3 cxd4 10. cxd4 Bd6 11. O-O O-O 12. a3 Qe7 13. Rc1 Kh8 14. Re1 g5 15. Bg3 Nxg3 16. hxg3 g4 17. Nh2 f5 18. Nhf1 Qg5 19. f4 gxf3 20. Qxf3 Bd7 21. Kf2 Be8 22. Be2 Rg8 23. Kg1 Rd8 24. Qf2 Rd7 25. Nf3 Qf6 26. N3h2 Rdg7 27. Bf3 Qh6 28. Qe2 Bxg3 29. Nxg3 Rxg3 30. Nf1 Rh3 31. g3 Bh5 32. Kf2 Qg5 33. Bxh5 Rxg3 0-1

[Event "Reykjavik Open 2025"]
[Site "Reykjavik"]
[Date "2025.04.11"]
[Round "4.20"]
[White "Briem, Benedikt"]
[Black "Bernhard, Sebastian"]
[Result "1-0"]
[Annotator "ChessBase"]
[ECO "E16"]
[WhiteElo "2249"]
[BlackElo "1914"]
[PlyCount "79"]
[EventDate "2025.04.09"]
[EventType "swiss"]
[EventCountry "ISL"]
[SourceTitle "playchess.com"]
[Source "ChessBase"]
[SourceQuality "1"]
[TimeControl "40/5400+30:1800+30"]

1. d4 Nf6 2. c4 e6 3. Nf3 Bb4+ 4. Nbd2 b6 5. g3 Bb7 6. Bg2 O-O 7. O-O a5 8. a3 Bxd2 9. Qxd2 a4 10. Qf4 d6 11. Re1 Be4 12. g4 d5 13. Bd2 Nbd7 14. Rac1 c5 15. cxd5 exd5 16. Bc3 Qb8 17. Qxb8 Raxb8 18. g5 Nh5 19. Bh3 Rb7 20. Bxd7 Rxd7 21. Ne5 Rb7 22. f3 Bf5 23. e4 Be6 24. Rcd1 cxd4 25. Rxd4 f6 26. gxf6 gxf6 27. Nd3 dxe4 28. Rexe4 Bf5 29. Rh4 Ng7 30. Nb4 Ne6 31. Rd6 Ng5 32. Kf2 Nh3+ 33. Kf1 Rd7 34. Rxd7 Bxd7 35. Nd5 Bb5+ 36. Kg2 Ng5 37. Nxf6+ Kf7 38. Rh5 h6 39. h4 Ne6 40. Rxb5 1-0

[Event "Reykjavik Open 2025"]
[Site "Reykjavik"]
[Date "2025.04.11"]
[Round "4.21"]
[White "Maton, Emily"]
[Black "Priansh Das"]
[Result "0-1"]
[Annotator "ChessBase"]
[ECO "B07"]
[WhiteElo "1912"]
[BlackElo "2262"]
[PlyCount "100"]
[EventDate "2025.04.09"]
[EventType "swiss"]
[EventCountry "ISL"]
[SourceTitle "playchess.com"]
[Source "ChessBase"]
[SourceQuality "1"]
[TimeControl "40/5400+30:1800+30"]

1. d4 Nf6 2. Bf4 g6 3. Nc3 Bg7 4. e4 d6 5. Qd2 O-O 6. O-O-O a6 7. f3 b5 8. Bh6 Nc6 9. h4 e5 10. d5 Nd4 11. Nce2 Nxe2+ 12. Nxe2 Bxh6 13. Qxh6 Kh8 14. h5 Ng8 15. Qe3 g5 16. g3 Nh6 17. f4 f6 18. Bg2 Qe7 19. Ng1 Rg8 20. Bh3 Bd7 21. fxe5 fxe5 22. Bxd7 Qxd7 23. Nh3 Raf8 24. Nf2 Rg7 25. Nd3 Qg4 26. Rdf1 Rgf7 27. Rxf7 Rxf7 28. Nf2 Qf3 29. Qxf3 Rxf3 30. Nd3 a5 31. Rg1 Ng4 32. Kd2 Kg7 33. Rg2 Ne3 34. Rg1 Rxg3 35. Rxg3 Nf1+ 36. Ke2 Nxg3+ 37. Kf3 Nxh5 38. b3 Nf6 39. a4 bxa4 40. bxa4 h5 41. c4 g4+ 42. Ke3 h4 43. c5 h3 44. cxd6 cxd6 45. Nf2 Kg6 46. Nh1 Nh5 47. Kf2 Kg5 48. Ke3 Kh4 49. Kf2 g3+ 50. Kg1 Nf4 0-1

[Event "Reykjavik Open 2025"]
[Site "Reykjavik"]
[Date "2025.04.11"]
[Round "4.22"]
[White "Yu, Tianxiang Carlos"]
[Black "Unzicker, Ferdinand"]
[Result "0-1"]
[Annotator "ChessBase"]
[ECO "B61"]
[WhiteElo "1843"]
[BlackElo "2241"]
[PlyCount "82"]
[EventDate "2025.04.09"]
[EventType "swiss"]
[EventCountry "ISL"]
[SourceTitle "playchess.com"]
[Source "ChessBase"]
[SourceQuality "1"]
[TimeControl "40/5400+30:1800+30"]

1. e4 c5 2. Nf3 d6 3. d4 cxd4 4. Nxd4 Nf6 5. Nc3 Nc6 6. Bg5 Bd7 7. Qd2 h6 8. Bxf6 gxf6 9. O-O-O Nxd4 10. Qxd4 Qa5 11. Kb1 Rc8 12. Be2 Qc5 13. Rhe1 Bg7 14. Qxc5 Rxc5 15. Nd5 e6 16. Ne3 Ke7 17. f4 b5 18. f5 h5 19. h4 Bh6 20. Bf3 Bf4 21. Rd3 a5 22. Rc1 b4 23. c4 Rhc8 24. b3 Bc6 25. Re1 Re5 26. Nc2 Bg3 27. Rh1 Bf2 28. Rd2 Bc5 29. Re1 Rg8 30. fxe6 fxe6 31. Ree2 a4 32. Ne1 f5 33. Nd3 Bxe4 34. Bxe4 Rxe4 35. Rxe4 fxe4 36. Nxc5 dxc5 37. bxa4 Kf6 38. a3 Rb8 39. Rb2 e3 40. axb4 Rxb4 41. Rxb4 e2 0-1

[Event "Reykjavik Open 2025"]
[Site "Reykjavik"]
[Date "2025.04.11"]
[Round "4.23"]
[White "Wan, Joseph"]
[Black "Koperski, Dustin"]
[Result "1-0"]
[Annotator "ChessBase"]
[ECO "D01"]
[WhiteElo "2242"]
[BlackElo "1793"]
[PlyCount "71"]
[EventDate "2025.04.09"]
[EventType "swiss"]
[EventCountry "ISL"]
[SourceTitle "playchess.com"]
[Source "ChessBase"]
[SourceQuality "1"]
[TimeControl "40/5400+30:1800+30"]

1. d4 Nf6 2. Bg5 d5 3. Nc3 Bf5 4. f3 Nbd7 5. Nxd5 Nxd5 6. e4 h6 7. Bc1 Bxe4 8. fxe4 N5b6 9. Nf3 e6 10. Bd3 Be7 11. O-O c5 12. c3 cxd4 13. cxd4 O-O 14. e5 Rc8 15. Qe2 Re8 16. Bd2 Nd5 17. Qe4 Nf8 18. Qg4 f5 19. exf6 Nxf6 20. Qh3 Qd5 21. b3 Qh5 22. Qg3 Qg4 23. Qe5 Qh5 24. Qg3 Qg4 25. Qe5 Qh5 26. Qe2 Bd6 27. Rae1 Ng4 28. h3 Nf6 29. Qf2 Nd5 30. Ne5 Bxe5 31. Rxe5 g5 32. Bxg5 hxg5 33. Qg3 Nh7 34. Bxh7+ Qxh7 35. Rxg5+ Kh8 36. Qe5+ 1-0

[Event "Reykjavik Open 2025"]
[Site "Reykjavik"]
[Date "2025.04.11"]
[Round "4.24"]
[White "Vogt, Lothar"]
[Black "Chompas, Vasileios"]
[Result "1-0"]
[Annotator "ChessBase"]
[ECO "C70"]
[WhiteElo "2229"]
[BlackElo "1711"]
[PlyCount "115"]
[EventDate "2025.04.09"]
[EventType "swiss"]
[EventCountry "ISL"]
[SourceTitle "playchess.com"]
[Source "ChessBase"]
[SourceQuality "1"]
[TimeControl "40/5400+30:1800+30"]

1. e4 e5 2. Nf3 Nc6 3. Bb5 g6 4. c3 a6 5. Ba4 Bg7 6. d4 exd4 7. cxd4 b5 8. Bb3 Nge7 9. d5 Na5 10. Bd2 Nxb3 11. Qxb3 d6 12. Bc3 O-O 13. Bxg7 Kxg7 14. O-O Bb7 15. Nc3 c6 16. dxc6 Bxc6 17. Rfd1 Qc7 18. Rac1 Qb7 19. Qb4 a5 20. Qxd6 b4 21. Nd5 Bxd5 22. exd5 Rfd8 23. Qe5+ f6 24. Rc7 fxe5 25. Rxb7 Kf6 26. Rb6+ Kf5 27. d6 Nc8 28. Rc6 Ra7 29. Rd5 Rad7 30. Rxe5+ Kf6 31. Rxa5 Nxd6 32. g3 Kg7 33. Ne5 Re7 34. Rd5 Nf7 35. Rxd8 Nxd8 36. Rd6 Rxe5 37. Rxd8 Re2 38. Rd7+ Kf6 39. Rxh7 Rxb2 40. Ra7 Rb1+ 41. Kg2 Ra1 42. Rb7 Rxa2 43. Rxb4 g5 44. h4 gxh4 45. Rxh4 Kg5 46. Rf4 Rb2 47. Kh3 Rc2 48. Rf8 Rc1 49. f4+ Kg6 50. Kg4 Rg1 51. Ra8 Rf1 52. Ra6+ Kg7 53. Kg5 Rf3 54. Ra7+ Kg8 55. g4 Kf8 56. f5 Rb3 57. f6 Rb4 58. Kf5 1-0

[Event "Reykjavik Open 2025"]
[Site "Reykjavik"]
[Date "2025.04.11"]
[Round "4.25"]
[White "Dauth, Benjamin"]
[Black "Kadric, Denis"]
[Result "0-1"]
[Annotator "ChessBase"]
[ECO "C01"]
[WhiteElo "2228"]
[BlackElo "2533"]
[PlyCount "104"]
[EventDate "2025.04.09"]
[EventType "swiss"]
[EventCountry "ISL"]
[SourceTitle "playchess.com"]
[Source "ChessBase"]
[SourceQuality "1"]
[TimeControl "40/5400+30:1800+30"]

1. e4 e6 2. d4 d5 3. exd5 exd5 4. Nf3 Nc6 5. c3 Bd6 6. Bd3 Nge7 7. Nbd2 Bg4 8. h3 Bh5 9. Qb3 Rb8 10. O-O Qd7 11. Re1 Bg6 12. Bxg6 hxg6 13. Ne5 Bxe5 14. dxe5 g5 15. Nf3 g4 16. e6 fxe6 17. hxg4 Qd6 18. Bg5 O-O 19. Rad1 Rbe8 20. c4 dxc4 21. Qxc4 Nd5 22. a3 Nd8 23. Bxd8 Qxd8 24. Rxe6 Rxe6 25. Rxd5 Rc6 26. Rc5+ Kh8 27. Rxc6 bxc6 28. Ne5 Qd1+ 29. Kh2 Rxf2 30. Nf7+ Kg8 31. Nh6+ Kf8 32. Qg8+ Ke7 33. Nf5+ Rxf5 34. gxf5 Qd6+ 35. Kh1 Kf6 36. Qe8 Kxf5 37. Qf7+ Qf6 38. Qxc7 Qh4+ 39. Kg1 Qe1+ 40. Kh2 Qe5+ 41. Qxe5+ Kxe5 42. Kg3 Kd4 43. Kf4 Kc4 44. Ke5 Kb3 45. Kd6 Kxb2 46. Kxc6 Kxa3 47. Kb5 Kb3 48. Ka6 Kc4 49. Kxa7 Kd4 50. Kb6 g5 51. Kc6 g4 52. Kd6 g3 0-1

[Event "Reykjavik Open 2025"]
[Site "Reykjavik"]
[Date "2025.04.11"]
[Round "4.26"]
[White "Khaledi, Omid"]
[Black "Sivuk, Vitaly"]
[Result "0-1"]
[Annotator "ChessBase"]
[ECO "B14"]
[WhiteElo "2228"]
[BlackElo "2505"]
[PlyCount "90"]
[EventDate "2025.04.09"]
[EventType "swiss"]
[EventCountry "ISL"]
[SourceTitle "playchess.com"]
[Source "ChessBase"]
[SourceQuality "1"]
[TimeControl "40/5400+30:1800+30"]

1. e4 c5 2. c3 d5 3. exd5 Nf6 4. Nf3 Nxd5 5. d4 cxd4 6. cxd4 g6 7. Nc3 Bg7 8. Qb3 Nxc3 9. bxc3 O-O 10. Be2 Qc7 11. O-O Nc6 12. Bg5 Be6 13. Qa3 Rfe8 14. Rfe1 Bd5 15. Nd2 h6 16. Bh4 Rac8 17. Nf1 f5 18. f3 Bf7 19. Rad1 a6 20. Qb2 Na5 21. Rc1 b5 22. Nd2 e5 23. Bf2 exd4 24. cxd4 Qd6 25. Bf1 Rxc1 26. Rxc1 Rd8 27. Nb3 Nxb3 28. axb3 Qb4 29. Rc6 Rxd4 30. Rxa6 Rd2 31. Qa3 Qxa3 32. Rxa3 b4 33. Ra8+ Kh7 34. Be3 Rd1 35. Rb8 Bc3 36. Rb7 Kg8 37. Kf2 Bxb3 38. Bc5 Rb1 39. Bd3 Rb2+ 40. Kf1 Bd5 41. Rb8+ Kf7 42. Bb5 b3 43. Rd8 Be6 44. Rd3 Rb1+ 45. Kf2 b2 0-1

[Event "Reykjavik Open 2025"]
[Site "Reykjavik"]
[Date "2025.04.11"]
[Round "4.27"]
[White "Papp, Gabor"]
[Black "Fodor, Balazs"]
[Result "1-0"]
[Annotator "ChessBase"]
[ECO "B95"]
[WhiteElo "2502"]
[BlackElo "2206"]
[PlyCount "59"]
[EventDate "2025.04.09"]
[EventType "swiss"]
[EventCountry "ISL"]
[SourceTitle "playchess.com"]
[Source "ChessBase"]
[SourceQuality "1"]
[TimeControl "40/5400+30:1800+30"]

1. e4 c5 2. Nf3 d6 3. d4 cxd4 4. Nxd4 Nf6 5. Nc3 a6 6. Bg5 e6 7. Qf3 Be7 8. O-O-O Qc7 9. g4 Nbd7 10. Bxf6 Bxf6 11. Qe3 Rb8 12. g5 Be7 13. f4 b5 14. Bd3 Nb6 15. h4 Nc4 16. Bxc4 bxc4 17. e5 d5 18. h5 Qb6 19. b3 cxb3 20. axb3 Bd7 21. g6 fxg6 22. hxg6 h6 23. f5 Rc8 24. f6 Bb4 25. fxg7 Rg8 26. Rxh6 Rxc3 27. Rh8 Rxe3 28. Rxg8+ Ke7 29. Ra8 Qa5 30. g8=N# 1-0

[Event "Reykjavik Open 2025"]
[Site "Reykjavik"]
[Date "2025.04.11"]
[Round "4.28"]
[White "Bailet, Pierre"]
[Black "Kracht, Raphael"]
[Result "1/2-1/2"]
[Annotator "ChessBase"]
[ECO "A07"]
[WhiteElo "2495"]
[BlackElo "2196"]
[PlyCount "48"]
[EventDate "2025.04.09"]
[EventType "swiss"]
[EventCountry "ISL"]
[SourceTitle "playchess.com"]
[Source "ChessBase"]
[SourceQuality "1"]
[TimeControl "40/5400+30:1800+30"]

1. g3 d5 2. Nf3 Nf6 3. Bg2 e6 4. O-O Be7 5. d3 O-O 6. a4 c5 7. e4 Nc6 8. Bf4 dxe4 9. dxe4 Qxd1 10. Rxd1 Nxe4 11. Na3 Nf6 12. Ne5 Nd5 13. Nac4 Nd4 14. Rd2 b6 15. Be3 Ba6 16. Bxd4 cxd4 17. Rxd4 Rac8 18. b3 Bf6 19. Re1 Rfd8 20. Rd2 Bxc4 21. bxc4 Bxe5 22. Rxe5 Rxc4 23. Bxd5 exd5 24. Rdxd5 Rf8 1/2-1/2

[Event "Reykjavik Open 2025"]
[Site "Reykjavik"]
[Date "2025.04.11"]
[Round "4.29"]
[White "Pipiras, Filipa Fortuna"]
[Black "Kjartansson, Gudmundur"]
[Result "0-1"]
[Annotator "ChessBase"]
[ECO "E29"]
[WhiteElo "2195"]
[BlackElo "2450"]
[PlyCount "174"]
[EventDate "2025.04.09"]
[EventType "swiss"]
[EventCountry "ISL"]
[SourceTitle "playchess.com"]
[Source "ChessBase"]
[SourceQuality "1"]
[TimeControl "40/5400+30:1800+30"]

1. d4 Nf6 2. c4 e6 3. Nc3 Bb4 4. e3 O-O 5. a3 Bxc3+ 6. bxc3 c5 7. Bd3 Nc6 8. Ne2 b6 9. e4 Ne8 10. O-O Ba6 11. Qc2 Na5 12. e5 h6 13. f4 d6 14. f5 exf5 15. Ng3 dxe5 16. dxe5 Bxc4 17. Bxc4 Nxc4 18. Qxf5 Qd5 19. Bf4 Qe6 20. Qh5 f5 21. Rae1 Rd8 22. Bc1 Rd5 23. Nxf5 Rxe5 24. Rxe5 Nxe5 25. Bxh6 g6 26. Ne7+ Kh7 27. Qh4 Rxf1+ 28. Kxf1 Qf6+ 29. Qxf6 Nxf6 30. Bf4 Nc4 31. Ke2 Nxa3 32. Kd3 b5 33. Bd6 c4+ 34. Kd4 Nc2+ 35. Ke5 Ng4+ 36. Kd5 a5 37. Kc5 a4 38. Kxb5 a3 39. Bxa3 Nxa3+ 40. Kb4 Nc2+ 41. Kxc4 Nce3+ 42. Kd4 Nxg2 43. c4 Kg7 44. c5 Nf4 45. Nxg6 Nxg6 46. Kd5 Kf7 47. c6 Ke7 48. h4 Nf4+ 49. Kc5 Ne6+ 50. Kb6 Kd6 51. h5 Nh6 52. Kb5 Nd4+ 53. Kc4 Nxc6 54. Kd3 Kd5 55. Ke3 Nd4 56. Kd3 Ne6 57. Ke3 Nc5 58. Kf4 Ne4 59. Ke3 Ke5 60. Kd3 Nd6 61. Ke3 Nc4+ 62. Kd3 Kd5 63. Kc3 Ne5 64. Kd2 Kd4 65. Ke2 Nc4 66. Kf3 Ke5 67. Kf2 Kf4 68. Ke2 Ke4 69. Kf2 Nd2 70. Ke2 Nb3 71. Kf2 Nd4 72. Kg2 Ke3 73. Kf1 Nf3 74. Kg2 Nd2 75. Kg3 Nf1+ 76. Kg2 Ke2 77. Kg1 Ne3 78. Kh2 Kf3 79. Kh3 Kf4 80. Kh4 Ng2+ 81. Kh3 Kf3 82. Kh2 Nf4 83. Kg1 Ke2 84. Kh1 Kf2 85. Kh2 Ng4+ 86. Kh1 Ne2 87. h6 Ng3# 0-1

[Event "Reykjavik Open 2025"]
[Site "Reykjavik"]
[Date "2025.04.11"]
[Round "4.30"]
[White "Cramling Bellon, Anna"]
[Black "Mize, Dylan"]
[Result "1-0"]
[Annotator "RC"]
[ECO "E11"]
[WhiteElo "2046"]
[BlackElo "1826"]
[PlyCount "111"]
[EventDate "2025.04.09"]
[EventType "swiss"]
[EventCountry "ISL"]
[SourceTitle "playchess.com"]
[Source "ChessBase"]
[SourceQuality "1"]
[TimeControl "40/5400+30:1800+30"]

1. d4 Nf6 2. c4 e6 3. Nf3 Bb4+ 4. Bd2 Qe7 5. a3 Bxd2+ 6. Qxd2 a5 7. Nc3 d6 8. e4 e5 9. dxe5 dxe5 10. Nd5 Qd8 11. Qg5 O-O 12. Nxf6+ Qxf6 13. Qxe5 Qxe5 14. Nxe5 Re8 15. O-O-O Kf8 16. Nf3 Rxe4 17. Ng5 Re8 18. Nxh7+ Kg8 19. Bd3 Nc6 20. Ng5 Ne5 21. Bc2 f6 22. Ne4 Nxc4 23. Rhe1 Be6 24. Nc5 Bf7 25. Rxe8+ Rxe8 26. Nxb7 Kf8 27. Nd8 Bh5 28. f3 Ne3 29. Rd2 Nxg2 30. Rxg2 Rxd8 31. Be4 Be8 32. b3 c5 33. Rc2 Rc8 34. Kb2 Ke7 35. Kc3 Bc6 36. Bxc6 Rxc6 37. Kc4 Re6 38. Rc3 Re5 39. Rd3 Rh5 40. Rd5 Rxh2 41. Kxc5 Ke6 42. Rd3 Rh5+ 43. Kc6 Rh8 44. b4 axb4 45. axb4 Rh1 46. Rc3 Rb1 47. b5 Ke5 48. Rc4 Rb3 49. b6 Rxf3 50. b7 Rb3 51. Rc5+ Ke6 52. Rb5 Rxb5 53. Kxb5 g5 54. b8=Q f5 55. Qg3 Kf6 56. Kc4 1-0

[Event "Reykjavik Open 2025"]
[Site "Reykjavik"]
[Date "2025.04.11"]
[Round "4.31"]
[White "Williams, Simon K"]
[Black "Lu, Shanglei"]
[Result "0-1"]
[Annotator "ChessBase"]
[ECO "D24"]
[WhiteElo "2451"]
[BlackElo "2618"]
[PlyCount "80"]
[EventDate "2025.04.09"]
[EventType "swiss"]
[EventCountry "ISL"]
[SourceTitle "playchess.com"]
[Source "ChessBase"]
[SourceQuality "1"]
[TimeControl "40/5400+30:1800+30"]

1. d4 Nf6 2. Nf3 d5 3. c4 e6 4. Nc3 dxc4 5. e4 Bb4 6. Bxc4 Nxe4 7. O-O Nf6 8. a3 Be7 9. Qe2 O-O 10. Rd1 c6 11. Ne5 Nd5 12. Rd3 f5 13. Rh3 Qe8 14. g4 Nd7 15. gxf5 Nxe5 16. dxe5 Rxf5 17. Bd3 Qg6+ 18. Kh1 Nxc3 19. bxc3 Qf7 20. Bxf5 exf5 21. Bf4 Be6 22. Rg1 Bxa3 23. Rhg3 Bf8 24. h4 Kh8 25. h5 Re8 26. Kh2 a5 27. h6 g6 28. Bg5 Be7 29. Qd2 a4 30. Rd3 Kg8 31. c4 a3 32. f4 a2 33. Bxe7 Qxe7 34. Kh3 Ra8 35. Ra1 Bxc4 36. Rd7 Ra3+ 37. Kg2 Qh4 38. Rd8+ Kf7 39. Qd7+ Qe7 40. Rd1 Be6 0-1

[Event "Reykjavik Open 2025"]
[Site "Reykjavik"]
[Date "2025.04.11"]
[Round "4.32"]
[White "Kavutskiy, Kostya"]
[Black "Ravi Krishna G"]
[Result "1-0"]
[Annotator "RC"]
[ECO "B45"]
[WhiteElo "2351"]
[BlackElo "2100"]
[PlyCount "135"]
[EventDate "2025.04.09"]
[EventType "swiss"]
[EventCountry "ISL"]
[SourceTitle "playchess.com"]
[Source "ChessBase"]
[SourceQuality "1"]
[TimeControl "40/5400+30:1800+30"]

1. e4 c5 2. Nf3 e6 3. d4 cxd4 4. Nxd4 Nf6 5. Nc3 Nc6 6. g3 Bb4 7. Bg2 d6 8. Nde2 O-O 9. O-O e5 10. a3 Bc5 11. Na4 Nd4 12. c3 Nxe2+ 13. Qxe2 Bg4 14. Qd3 Qd7 15. Nxc5 dxc5 16. Qxd7 Nxd7 17. Be3 f6 18. f3 Be6 19. Rfd1 Rfd8 20. b4 b6 21. Rd6 Kf7 22. Rad1 Ke7 23. Bf1 cxb4 24. cxb4 Nf8 25. Rxd8 Rxd8 26. Rxd8 Kxd8 27. a4 Kc7 28. a5 Nd7 29. h4 Nb8 30. h5 Nc6 31. Bd2 Nd4 32. Kf2 Kc6 33. h6 gxh6 34. Bxh6 f5 35. Bd3 bxa5 36. bxa5 fxe4 37. Bxe4+ Bd5 38. Ke3 Nb3 39. a6 Nc5 40. Bxh7 Nxa6 41. Bg7 Kd6 42. Bf8+ Kd7 43. Bf5+ Kc6 44. Bg7 Kd6 45. Bf8+ Kc6 46. g4 Nc7 47. g5 Ne6 48. Be7 Nd4 49. Be4 Kd7 50. Bc5 Bxe4 51. Kxe4 Ne6 52. Be3 Kd6 53. g6 Ng7 54. Bh6 Nh5 55. Kf5 e4 56. Bf8+ Kd7 57. fxe4 Ke8 58. Bb4 Ng3+ 59. Kf4 Nh5+ 60. Kg5 Ng7 61. e5 a6 62. Kh6 Ne6 63. Kh7 Ng5+ 64. Kh8 a5 65. Ba3 Nf7+ 66. gxf7+ Kxf7 67. Bb2 Ke6 68. Kg7 1-0

[Event "Reykjavik Open 2025"]
[Site "Reykjavik"]
[Date "2025.04.11"]
[Round "4.33"]
[White "Larkin, Vladyslav"]
[Black "Petersen, Marcel"]
[Result "1-0"]
[Annotator "ChessBase"]
[ECO "C54"]
[WhiteElo "2449"]
[BlackElo "2185"]
[PlyCount "75"]
[EventDate "2025.04.09"]
[EventType "swiss"]
[EventCountry "ISL"]
[SourceTitle "playchess.com"]
[Source "ChessBase"]
[SourceQuality "1"]
[TimeControl "40/5400+30:1800+30"]

1. e4 e5 2. Bc4 Nc6 3. d3 Bc5 4. Nf3 Nf6 5. c3 Bb6 6. O-O O-O 7. Re1 Re8 8. b4 d6 9. a4 a6 10. h3 h6 11. Na3 Ne7 12. Qb3 Rf8 13. d4 Ng6 14. a5 Ba7 15. b5 Qe7 16. b6 Bb8 17. Nc2 c6 18. Ba3 Nh5 19. Ne3 Nhf4 20. Nf5 Qf6 21. Bf1 exd4 22. g3 Bxf5 23. exf5 Qxf5 24. gxf4 Nxf4 25. cxd4 Nxh3+ 26. Bxh3 Qxh3 27. Re4 g5 28. Nd2 Qf5 29. d5 cxd5 30. Rd4 Re8 31. Qf3 Qg6 32. Qxd5 Qh5 33. Nf3 Qh3 34. Bb4 g4 35. Nh2 Re5 36. Rxg4+ Qxg4+ 37. Nxg4 Rxd5 38. Nf6+ 1-0